 Dungeon Sprint DCSS version 0.26-a0-695-g987792ac36 (webtiles) character file.

Game seed: 6206113008472922661

332 mhtbhm the Slicer (level 6, -9/69 HPs)
             Began as a Kobold Berserker on Oct 25, 2020.
             Was an Elder of Trog.
             Mangled by a two-headed ogre
             ... wielding a +0 giant club
              (18 damage)
             ... in the Dungeon (Sprint IX: "|||||||||||||||||||||||||||||").
             The game lasted 00:01:03 (259 turns).

mhtbhm the Slicer (Kobold Berserker)                 Turns: 259, Time: 00:01:03

Health: -9/69      AC:  2    Str: 16    XL:     6   Next: 82%
Magic:  6/6        EV: 18    Int:  9    God:    Trog [****..]
Gold:   0          SH:  0    Dex: 14    Spells: 5/5 levels left

rFire    . . .     SeeInvis .   a - +0 short sword
rCold    . . .     Faith    .   (shield restricted)
rNeg     . . .     Spirit   .   b - +0 animal skin
rPois    .         Reflect  .   (no helmet)
rElec    .         Harm     .   (no cloak)
rCorr    .         Rampage  .   (no gloves)
MR       .....     NoTele   +   (no boots)
Stlth    ..........             (no amulet)
HPRegen  0.21/turn              (no ring)
MPRegen  0.10/turn              (no ring)

@: berserking, lethally poisoned (-9 -> -14), very quick
A: small, nightstalker 3
a: Berserk, Trog's Hand, Brothers in Arms, Renounce Religion


You were in the Dungeon.
You worshipped Trog.
Trog was greatly pleased with you.
You visited 1 branch

Inventory:

Hand Weapons
 a - a +0 short sword (weapon)
Armour
 b - a +0 animal skin (worn)
Jewellery
 l - a +3 ring of strength
 m - a +3 ring of intelligence
Wands
 k - a wand of acid (10)
Scrolls
 h - 2 scrolls of blinking
 j - 3 scrolls of remove curse
Potions
 c - 5 potions of curing
 d - 3 potions of heal wounds
 e - a potion of haste
 f - 4 potions of magic
 g - a potion of berserk rage
 i - a potion of invisibility


   Skills:
 + Level 9.3 Fighting
 + Level 11.8 Short Blades
 + Level 3.7 Armour
 + Level 5.9 Dodging


You had 5 spell levels left.
You didn't know any spells.
Your spell library was empty.

Dungeon Overview and Level Annotations

Branches:
Dungeon (1/1)

Altars:
Cheibriados
Dithmenos
Elyvilon
Fedhas
Gozag
Hepliaklqana
Kikubaaqudgha
Makhleb
Nemelex Xobeh
Okawaru
Qazlal
Ru
Sif Muna
Trog
Uskayaw
Vehumet
Wu Jian
Xom
Yredelemnul
Zin
The Shining One
Beogh
Jiyva
Lugonu


Innate Abilities, Weirdness & Mutations

You are small and have problems with some larger weapons.
You are completely attuned to the shadows.


Message History

You kill the big kobold!
Trog accepts your kill.
Your Fighting skill increases to level 9!
Unknown command.
You feel sick. The two-headed ogre misses you.
The two-headed ogre closely misses you.
An ogre comes into view. It is wielding a +0 giant club.
You see here a big kobold corpse.
The ogre shouts!
You hit the two-headed ogre.
The two-headed ogre is lightly wounded.
You puncture the two-headed ogre!
The two-headed ogre is moderately wounded.
You barely miss the two-headed ogre.
The two-headed ogre is moderately wounded.
You feel sick.
The two-headed ogre hits you with a +0 giant club!!
* * * LOW HITPOINT WARNING * * *
The two-headed ogre hits you with a +0 giant spiked club!!
You die...

▓)▓
▓.▓
▓[▓
▓[▓
▓[▓
▓.▓
▓.▓
▓'▓
▓@▓
▓O▓
▓l▓
▓O▓
▓.▓


You could see a two-headed ogre, an ogre and an iguana.

Vanquished Creatures
  A water moccasin (D)
  An ogre (D)
  A big kobold (D)
  2 worker ants (D)
  An adder (D)
  A white imp (D)
  An ooze (D)
  A goblin (D)
  A hobgoblin (D)
  A ball python (D)
  A bat (D)
  A quokka skeleton (D)
13 creatures vanquished.

Notes
Turn   | Place    | Note
-------+----------+-------------------------------------------
     0 | D        | mhtbhm the Kobold Berserker began the quest for the Orb.
     0 | D        | Reached XP level 1. HP: 14/14 MP: 1/1
     9 | D        | Reached ** piety under Trog
     9 | D        | Reached skill level 5 in Short Blades
     9 | D        | Reached XP level 2. HP: 20/20 MP: 2/2
   130 | D        | Noticed an ogre
   141 | D        | Reached *** piety under Trog
   141 | D        | Reached skill level 5 in Fighting
   141 | D        | Reached skill level 6 in Short Blades
   141 | D        | Reached XP level 3. HP: 26/26 MP: 3/3
   146 | D        | Killed an ogre
   146 | D        | Reached skill level 9 in Short Blades
   146 | D        | Reached XP level 4. HP: 34/34 MP: 4/4
   146 | D        | Reached XP level 5. HP: 38/38 MP: 5/5
   190 | D        | Found a roughly hewn altar of Beogh.
   190 | D        | Found a snail-covered altar of Cheibriados.
   190 | D        | Found a shadowy altar of Dithmenos.
   191 | D        | Found a white marble altar of Elyvilon.
   192 | D        | Found a blossoming altar of Fedhas.
   193 | D        | Found an opulent altar of Gozag.
   194 | D        | Found a hazy altar of Hepliaklqana.
   195 | D        | Found a viscous altar of Jiyva.
   196 | D        | Found an ancient bone altar of Kikubaaqudgha.
   197 | D        | Found a corrupted altar of Lugonu.
   198 | D        | Found a burning altar of Makhleb.
   199 | D        | Found a sparkling altar of Nemelex Xobeh.
   200 | D        | Found an iron altar of Okawaru.
   201 | D        | Found a stormy altar of Qazlal.
   202 | D        | Found a sacrificial altar of Ru.
   203 | D        | Found a shimmering blue altar of Sif Muna.
   204 | D        | Found a bloodstained altar of Trog.
   205 | D        | Found a hide-covered altar of Uskayaw.
   206 | D        | Found a radiant altar of Vehumet.
   207 | D        | Found an ornate altar of the Wu Jian Council.
   208 | D        | Found a shimmering altar of Xom.
   209 | D        | Found a basalt altar of Yredelemnul.
   210 | D        | Found a glowing silver altar of Zin.
   211 | D        | Found a glowing golden altar of the Shining One.
   240 | D        | Noticed a water moccasin
   240 | D        | Noticed a big kobold
   245 | D        | Killed a water moccasin
   245 | D        | Reached **** piety under Trog
   245 | D        | Reached skill level 10 in Short Blades
   245 | D        | Reached skill level 5 in Dodging
   245 | D        | Reached XP level 6. HP: 36/45 MP: 6/6
   245 | D        | Noticed a two-headed ogre
   250 | D        | Reached skill level 11 in Short Blades
   256 | D        | Noticed an ogre
   259 | D        | Mangled by a two-headed ogre

Illustrated notes

Levels and vault maps discovered:
D:        linesprint [early_d, line_temple, items_1, d_10, items_2, lair_1,
          lair_end, items_3, orc_1, orc_end, items_4, d_15, swamp_1, shoals_1,
          snake_1, spider_1, d_20, vaults_1, items_5, swamp_end, shoals_end,
          snake_end, spider_end, vaults_end, d_27, items_6, zot_1, zot_end,
          crypt_end, forest_end, elf_end, slime_end, tomb_end, abyss_end,
          pan_hell_end]

Skill      XL: |  1  2  3  4  5  6 |
---------------+-------------------+-----
Fighting       | 4 5 7 8 9 |  9.3
Short Blades   | 5 6 9 10 11 | 11.8
Armour         | 2 3 |  3.7
Dodging        | 3 4 5 |  5.9

Action                   |  1- 3 |  4- 6 || total
-------------------------+-------+-------++-------
Melee: Short sword       |    21 |    29 ||    50
Invok: Berserk           |     2 |     1 ||     3
Armor: Animal skin       |     1 |     1 ||     2
Dodge: Dodged            |    10 |    14 ||    24

Table legend: (Time is in decaauts)
 A = Elapsed time spent in this place.
 B = Non-inter-level travel time spent in this place.
 C = Inter-level travel time spent in this place.
 D = Time resting spent in this place.
 E = Time spent auto-exploring this place.
 F = Levels seen in this place.
 G = Mean time per level.
                   A        B        C        D        E       F      G
               +--------+--------+--------+--------+--------+-----+--------+
         Total |    259 |    253 |      6 |    120 |      3 |   1 |  259.0 |
       Dungeon |    259 |    253 |      6 |    120 |      3 |   1 |  259.0 |
               +--------+--------+--------+--------+--------+-----+--------+

Top non-repeatable levels by time:
       D: 259 daAuts
